 Dungeon Crawl Stone Soup version 0.31.0-12-g77e489cdc1 (webtiles) character file.

Game seed: 167934477411707079

230 firemarshallily the Shield-Bearer (level 6, -1/40 HPs)
             Began as a Gargoyle Fighter on Mar 5, 2024.
             Slain by a gnoll
             ... wielding a +0 spear
              (4 damage)
             ... on level 4 of the Dungeon.
             The game lasted 00:07:45 (2096 turns).

firemarshallily the Shield-Bearer (GrFi)            Turns: 2096, Time: 00:07:46

Health: -1/40      AC: 11    Str: 19    XL:     6   Next: 3%
Magic:  6/6        EV:  9    Int:  9    God:
Gold:   144        SH:  5    Dex: 11    Spells: 5/5 levels left

rFire   . . .        a - +0 flail
rCold   . . .        c - +0 buckler
rNeg    + . .        b - +0 scale mail
rPois   ∞            (no helmet)
rElec   +            (no cloak)
rCorr   .            (no gloves)
SInv    .            (no boots)
Will    .....        (no amulet) Stlth
                     (no ring)
HPRegen 0.26/turn    (no ring)
MPRegen 0.10/turn

%: no passive effects
@: no status effects
A: sickness immunity, AC +4, negative energy resistance 1, electricity
resistance, torment resistance 1, petrification resistance
a: no special abilities


You were on level 4 of the Dungeon.
You visited 1 branch of the dungeon, and saw 4 of its levels.

You collected 144 gold pieces.

Inventory:

Hand Weapons
 a - a +0 flail (weapon)
Missiles
 i - 16 poisoned darts (quivered)
 q - 4 boomerangs
 r - a throwing net
Armour
 b - a +0 scale mail (worn)
 c - a +0 buckler (worn)
Scrolls
 e - 3 scrolls of identify {unknown}
 f - a scroll of amnesia {unknown}
 k - a scroll of noise {unknown}
 l - 4 scrolls of teleportation {unknown}
 m - a scroll of torment {unknown}
 n - a scroll of immolation {unknown}
 o - a scroll of vulnerability {unknown}
 p - a scroll of acquirement {unknown}
Potions
 d - a potion of ambrosia {unknown}
 g - 3 potions of enlightenment {unknown}
 h - 2 potions of heal wounds {unknown}


   Skills:
 * Level 5.0 Fighting
 + Level 3.0 Maces & Flails
 + Level 4.0 Armour
 * Level 5.0 Shields


You had 5 spell levels left.
You didn't know any spells.
Your spell library contained the following spells:

 Spells                   Type           Power      Damage    Failure   Level
 Apportation              Tloc           0%         N/A       82%         1
 Necrotise                Necr           0%         1d4       82%         1
 Sting                    Conj/Alch      0%         1d3       82%         1
 Summon Small Mammal      Summ           0%         N/A       82%         1
 Animate Dead             Necr           0%         N/A       100%        4
 Haunt                    Necr/Summ      0%         N/A       100%        7
 Infestation              Necr           0%         N/A       100%        8


Dungeon Overview and Level Annotations

Branches:
Dungeon (4/15)
 Temple: D:4-7

Altars:
Okawaru


Innate Abilities, Weirdness & Mutations

You are immune to sickness and miasma.
Your stone body is resilient. (AC +4)
You are immune to poison.
You resist negative energy. (rN+)
You are resistant to electric shocks. (rElec)
You are resistant to unholy torment.
You are immune to petrification.


Message History

The gnoll hits you from afar with a +0 spear.
You barely miss the gnoll.
The gnoll is severely wounded.
The gnoll hits you but does no damage. You block the gnoll's attack.
You hit the gnoll but do no damage.
The gnoll is severely wounded.
The gnoll hits you but does no damage. x2
You sock the gnoll!
You kill the gnoll!
The gnoll hits you but does no damage. x2
Your Fighting skill increases to level 5!
Your Maces & Flails skill increases to level 3!
Your Shields skill increases to level 5!
You have reached level 6!
The gnoll hits you from afar with a +0 spear.
The gnoll closely misses you.
Things that are here:
a +0 spear; a gnoll corpse You barely miss the gnoll.
You block the gnoll's attack. The gnoll hits you with a +0 spear.
You hit the gnoll.
The gnoll is moderately wounded.
The gnoll hits you but does no damage. The gnoll barely misses you.
The gnoll hits you from afar with a +0 spear!
* * * LOW HITPOINT WARNING * * *
You hit the gnoll.
The gnoll is heavily wounded.
The gnoll hits you from afar with a +0 spear.
* * * LOW HITPOINT WARNING * * *
The gnoll barely misses you. The gnoll hits you but does no damage.
You see here a hobgoblin corpse.
You feel better. The gnoll closely misses you.
The gnoll hits you with a +0 spear.
* * * LOW HITPOINT WARNING * * *
You hit the gnoll.
The gnoll is almost dead.
The gnoll hits you with a +0 spear.
* * * LOW HITPOINT WARNING * * *
The gnoll hits you with a +0 spear.
You die...

. ..... ## .. ....
...# ... ...##..#
........#..#
...........#
#...#.##.#####
#.....†.......
#......#.######+##
..........g@)<.....#
...........#g#.....#
############.+......#
###......# #......#
.......# .......#
.......#


You could see 2 gnolls.

Vanquished Creatures
  A hound (D:2)
  Terence (D:2)
  Robin (D:2)
  2 gnolls (D:4)
  5 adders
  A dart slug (D:3)
  2 orcs (D:3)
  4 bats
  4 endoplasms
  4 giant cockroaches
  12 hobgoblins
  2 jackals (D:2)
  A quokka (D:1)
  7 ball pythons
  6 frilled lizards
  19 goblins
  12 kobolds
  6 rats
90 creatures vanquished.

Notes
Turn   | Place    | Note
-------+----------+-------------------------------------------
     0 | D:1      | firemarshallily the Gargoyle Fighter began the quest for
                  | the Orb.
     0 | D:1      | Reached XP level 1. HP: 14/14 MP: 1/1
    48 | D:1      | Reached XP level 2. HP: 11/19 MP: 2/2
   363 | D:1      | Reached XP level 3. HP: 16/24 MP: 3/3
   913 | D:2      | Noticed Robin
   931 | D:2      | Reached XP level 4. HP: 16/29 MP: 4/4
   952 | D:2      | Killed Robin
  1101 | D:2      | Noticed Terence
  1107 | D:2      | Killed Terence
  1226 | D:2      | Reached XP level 5. HP: 34/34 MP: 5/5
  1588 | D:3      | Found an iron altar of Okawaru.
  2090 | D:4      | Reached skill level 5 in Fighting
  2090 | D:4      | Reached skill level 5 in Shields
  2090 | D:4      | Reached XP level 6. HP: 19/40 MP: 6/6
  2096 | D:4      | Slain by a gnoll

Illustrated notes

Levels and vault maps discovered:
D:1:      psy_arrival_conway, layout_loops_cross
D:2:      layout_loops_ring, uniq_robin, uniq_terence
D:3:      layout_rooms, mainiacjoe_overflow_cross_hatched
D:4:      layout_basic, vehumet_statue, minmay_temple_entry_sparse_star,
          kennysheep_potato

Skill      XL: |  1  2  3  4  5 |
---------------+----------------+-----
Shields        | 4 5 |  5.0
Fighting       | 4 5 |  5.0
Armour         | 4 |  4.0
Maces & Flails | 3 |  3.0

Action                     |  1- 3 |  4- 6 || total
---------------------------+-------+-------++-------
  Melee: Flail             |   115 |   189 ||   304
    Use: Potion            |       |     4 ||     4
 Armour: Scale mail        |    94 |   206 ||   300
  Dodge: Dodged            |    59 |   118 ||   177
  Block: Buckler           |    37 |    64 ||   101
